 Dungeon Crawl Stone Soup version 0.30.0-30-g96aa6591b8 (webtiles) character file.

Game seed: 13762079358184857598

2382 croobank the Caller (level 9, -3/62 HPs)
             Began as an Octopode Summoner on June 28, 2023.
             Was an Initiate of Gozag.
             Killed from afar by a steam dragon (21 damage)
             ... with a ball of steam
             ... on level 6 of the Dungeon.
             The game lasted 00:27:30 (6829 turns).

croobank the Caller (Octopode Summoner)             Turns: 6829, Time: 00:27:30

Health: -3/62      AC:  1    Str:  7    XL:     9   Next: 45%
Magic:  7/15       EV: 14    Int: 21    God:    Gozag
Gold:   694        SH:  0    Dex: 13    Spells: 4/17 levels left

rFire   . . .        e - +3 dagger (elec)
rCold   + . .        (no shield)
rNeg    . . .        (helmet restricted)
rPois   .            (no amulet)
rElec   .            u - ring of protection from cold
rCorr   .            (no ring)
SInv    .            (no ring)
Will    .....        (no ring)
Stlth   +++          (no ring)
HPRegen 0.30/turn    (no ring)
MPRegen 0.14/turn    (no ring)
                     (no ring)

%: no passive effects
@: no status effects
A: almost no armour, amphibious, 8 rings, camouflage 1, gelatinous body 1,
(nimble swimmer 1), tentacles
a: Renounce Religion, Potion Petition, Call Merchant, Bribe Branch


You were on level 6 of the Dungeon.
You worshipped Gozag.
Gozag was pleased with you.
You visited 2 branches of the dungeon, and saw 7 of its levels.
You also visited: Sewer.

You collected 773 gold pieces.
You paid 79 gold pieces to Gozag.

Inventory:

Hand Weapons
 b - a +0 short sword of holy wrath
 c - a +1 scimitar
 d - a +0 dagger
 e - a +3 dagger of electrocution (weapon)
 g - a +2 short sword of pain
 j - a +0 spear
 q - the +10 hand axe of Dishonour {freeze, +Blink rCorr SInv}
   (You found it on level 2 of the Dungeon)

   SInv:      It lets you see invisible.
   +Blink:    It lets you blink.
   rCorr:     It protects you from acid and corrosion.
 r - a +0 scythe
 w - a +4 dagger of draining
 B - a +0 trident
 C - a +0 war axe
 K - a +2 quarterstaff of chaos
 L - a +2 hammer of holy wrath
Missiles
 n - 7 curare-tipped darts
 I - 22 poisoned darts
 O - 4 javelins
Armour
 f - an orb of guile
 P - a +0 buckler
Jewellery
 l - a ring of fire
 u - a ring of protection from cold (left tentacle)
Wands
 v - a wand of charming (6)
 x - a wand of digging (3)
 G - a wand of flame (35)
Scrolls
 h - a scroll of vulnerability
 i - 6 scrolls of teleportation
 m - a scroll of enchant armour
 t - 2 scrolls of torment
 y - 2 scrolls of poison
 z - a scroll of amnesia
 D - 2 scrolls of summoning
 J - 2 scrolls of immolation {unknown}
Potions
 a - a potion of magic
 k - 6 potions of lignification
 o - 2 potions of might
 p - a potion of invisibility {unknown}
 s - a potion of mutation
 A - 2 potions of brilliance
 E - a potion of haste
 F - 2 potions of curing
 H - 2 potions of cancellation {unknown}
 M - a potion of ambrosia {unknown}
 N - a potion of flight {unknown}


   Skills:
 + Level 5.9 Fighting
 - Level 5.0 Axes
 * Level 4.8 Dodging
 - Level 3.5 Stealth
 + Level 0.2 Shields
 * Level 4.5 Spellcasting
 * Level 4.0 Hexes
 * Level 6.1 Summonings
 + Level 2.0 Air Magic


You had 4 spell levels left.
You knew the following spells:

 Your Spells              Type           Power      Damage    Failure   Level
a - Summon Small Mammal   Summ           100%       N/A       1%          1
b - Call Imp              Summ           60%        N/A       1%          2
c - Call Canine Familiar  Summ           30%        N/A       2%          3
d - Summon Guardian Gole  Hex/Summ       26%        N/A       4%          3
e - Summon Lightning Spi  Summ/Air       22%        N/A       22%         4

Your spell library contained the following spells:

 Spells                   Type           Power      Damage    Failure   Level
 Ignite Poison            Fire/Tmut/Pois 4%         N/A       34%         3
 Sticky Flame             Conj/Fire      4%         2d3       75%         4
 Alistair's Intoxication  Tmut/Pois      2%         N/A       97%         5
 Borgnjor's Vile Clutch   Necr/Erth      2%         N/A       97%         5
 Conjure Ball Lightning   Conj/Air       4%         3x3d6     100%        6
 Eringya's Noxious Bog    Tmut/Pois      2%         N/A       100%        6
 Discord                  Hex            10%        N/A       100%        8
 Disjunction              Tloc           2%         N/A       100%        8
 Ignition                 Fire           2%         3d3       100%        8


Dungeon Overview and Level Annotations

Branches:
Dungeon (6/15)             Temple (1/1) D:4           Sewer (visited)

Altars:
Ashenzari
Cheibriados
Dithmenos
Fedhas
Gozag
Kikubaaqudgha
Makhleb
Nemelex Xobeh
Okawaru
Qazlal
Sif Muna
Trog
Uskayaw
Vehumet
Xom
Yredelemnul
Zin


Innate Abilities, Weirdness & Mutations

You cannot wear most types of armour.
You are amphibious.
You can wear up to eight rings at the same time.
Your skin changes colour to match your surroundings (Stealth+).
Your rubbery body absorbs attacks. (AC +1, EV +1)
((You are camouflaged when in or above water. (Stealth+)))
You have tentacles for arms and can constrict up to eight enemies at once.


Message History

The ball of steam hits you!
Casting: Summon Small Mammal (safe; 1% risk of failure)
Confirm with . or Enter, or press ? or * to list all spells.
A guardian golem appears, shielding your allies.
You are engulfed in a cloud of scalding steam.
You are engulfed in a cloud of scalding steam.
Casting: Summon Guardian Golem (dangerous; 4% risk of failure)
Confirm with . or Enter, or press ? or * to list all spells.
Casting: Call Canine Familiar (dangerous; 2% risk of failure)
Confirm with . or Enter, or press ? or * to list all spells.
A tiny devil pulls itself out of the air.
The steam dragon bites your cerulean imp!
The steam dragon claws your cerulean imp but does no damage.
You swap places.
The steam dragon bites your cerulean imp.
The steam dragon barely misses your cerulean imp.
Your cerulean imp hits the steam dragon but does no damage.
The steam dragon breathes steam at you.
The ball of steam hits your guardian golem.
Your guardian golem resists.
The ball of steam hits your hound!! The ball of steam hits you!!
Your hound is engulfed in a cloud of scalding steam.
Casting: Call Imp (safe; 1% risk of failure)
Confirm with . or Enter, or press ? or * to list all spells.
You are engulfed in a cloud of scalding steam.
* * * LOW HITPOINT WARNING * * *
Your hound is engulfed in a cloud of scalding steam.
Your hound dies!
Your hound's corpse disappears in a puff of smoke!
You swap places.
Your cerulean imp barely misses the steam dragon.
The steam dragon breathes steam at you.
The ball of steam hits your guardian golem.
Your guardian golem resists.
The ball of steam hits your quokka!
Your quokka dies!
Your quokka's corpse disappears in a puff of smoke!
The ball of steam hits you!!
You die...
Your body crumbles into a pile of gold.

...#####...##.####
##...#
.#'#...#+#.##....#
#..###
##.......####....#
#.##
...........##....###.#
#.........###....##..#
'.........+.#...###.##
##.......##.........#
.#.......##.....#####
.####+####.>....@#
............####§#
####.######.# #§# #.#
#.# ### #9# #D#
########.# #.D..§§.5#
#.########


There were no monsters in sight!

Vanquished Creatures
  Grinder (D:4)
  Sigmund (D:2)
  A black bear (D:5)
  A centaur (D:5)
  A phantom (D:5)
  3 bullfrogs
  A scorpion (D:4)
  2 hounds
  2 iguanas
  7 adders
  3 gnolls (D:2)
  5 river rats (Sewer)
  A shadow imp (D:6)
  3 worms (D:2)
  A dart slug (D:4)
  12 orcs
  16 ball pythons
  3 endoplasms
  3 giant cockroaches
  6 hobgoblins
  A jackal (D:1)
  7 kobolds
  2 quokkas
  3 bats
  4 frilled lizards
  2 goblins (D:2)
  9 rats
101 creatures vanquished.

Vanquished Creatures (collateral kills)
  A water moccasin (D:5)
  A black bear (D:6)
  2 bullfrogs (D:6)
  2 scorpions
  A howler monkey (D:6)
  A jelly (D:6)
  A hound (D:6)
  2 iguanas (D:6)
  An orc wizard (D:5)
  Robin (D:2)
  2 adders
  2 river rats (Sewer)
  2 dart slugs
  An orc (D:6)
  5 ball pythons
  5 endoplasms
  6 hobgoblins
  2 jackals (D:1)
  9 kobolds
  A bat (D:1)
  2 frilled lizards (D:1)
  7 goblins
  14 rats
71 creatures vanquished.

Vanquished Creatures (others)
  The ghost of LustLizard the Insei, an amateur DgTm (D:4)
  An ice beast (D:5)
  An ogre (D:5)
  A kobold brigand (D:4)
  A phantom (D:5)
  Crazy Yiuf (D:5)
  2 kobolds (D:4)
8 creatures vanquished.

Grand Total: 180 creatures vanquished

Notes
Turn   | Place    | Note
-------+----------+-------------------------------------------
     0 | D:1      | croobank the Octopode Summoner began the quest for the Orb.
     0 | D:1      | Reached XP level 1. HP: 11/11 MP: 3/3
    59 | D:1      | Reached XP level 2. HP: 17/17 MP: 1/5
    67 | D:1      | Learned a level 2 spell: Call Imp
   336 | D:1      | Reached XP level 3. HP: 21/21 MP: 2/6
   436 | D:1      | Learned a level 3 spell: Call Canine Familiar
   876 | D:2      | Identified the +10 hand axe of Dishonour {freeze, +Blink
                  | rCorr SInv}
   883 | D:2      | Noticed Sigmund
   888 | D:2      | Killed Sigmund
   889 | D:2      | Reached XP level 4. HP: 5/27 MP: 3/7
   889 | D:2      | Reached XP level 5. HP: 6/31 MP: 3/8
  1349 | D:2      | Noticed Robin
  1390 | D:2      | Killed Robin
  1403 | D:2      | Reached XP level 6. HP: 25/36 MP: 3/9
  1646 | D:2      | Learned a level 3 spell: Summon Guardian Golem
  1774 | D:2      | Reached skill level 5 in Axes
  1985 | D:3      | Reached skill level 1 in Fighting
  2044 | D:3      | Found a radiant altar of Vehumet.
  2071 | D:3      | Found a broken altar of Ashenzari.
  2094 | D:3      | Found a glowing drain.
  2111 | Sewer    | Entered a sewer
  2390 | Sewer    | Reached XP level 7. HP: 24/46 MP: 5/10
  2719 | D:3      | Found a stormy altar of Qazlal.
  3086 | D:3      | Reached skill level 5 in Fighting
  3217 | D:3      | Found a hide-covered altar of Uskayaw.
  3218 | D:3      | Found a shimmering blue altar of Sif Muna.
  3446 | D:4      | Found a staircase to the Ecumenical Temple.
  3523 | Temple   | Entered the Ecumenical Temple
  3549 | Temple   | Became a worshipper of Gozag Ym Sagoz the Greedy
  3592 | D:4      | Found a runed translucent gate.
  3592 | D:4      | Found a runed translucent gate.
  3592 | D:4      | Found a runed translucent gate.
  3629 | D:4      | Reached skill level 1 in Hexes
  3718 | D:4      | Noticed Grinder
  3744 | D:4      | Killed Grinder
  3745 | D:4      | Reached XP level 8. HP: 55/55 MP: 3/12
  3915 | D:4      | Noticed LustLizard's ghost (amateur DgTm)
  3941 | D:4      | Killed LustLizard's ghost
  3942 | D:4      | Reached skill level 5 in Summonings
  4185 | D:4      | Found a blossoming altar of Fedhas.
  4275 | D:4      | Found a snail-covered altar of Cheibriados.
  4405 | D:4      | Learned a level 4 spell: Summon Lightning Spire
  4429 | D:5      | Entered Level 5 of the Dungeon
  4581 | D:5      | Reached skill level 1 in Air Magic
  4619 | D:5      | Reached XP level 9. HP: 61/61 MP: 3/14
  5695 | D:5      | Found a runed translucent door.
  5696 | D:5      | Noticed Crazy Yiuf
  5712 | D:5      | Killed Crazy Yiuf
  5895 | D:5      | Found a bloodstained altar of Trog.
  6218 | D:6      | Found an ancient bone altar of Kikubaaqudgha.
  6351 | D:6      | Reached skill level 6 in Summonings
  6500 | D:6      | Identified the +3 dagger of Unpleasantness {vamp, rF+ rC+}
  6829 | D:6      | Killed from afar by a steam dragon

Illustrated notes

Levels and vault maps discovered:
D:1:      spicycebolla_arrival_ecumenical, layout_basic,
          wander_ebering_terrifying_dragon_lair
D:2:      layout_basic, uniq_robin, uniq_sigmund
D:3:      layout_basic, gammafunk_temple_overflow_statue,
          nicolae_vehumet_altar_sigil, nicolae_ashenzari_panopticon,
          mainiacjoe_overflow_24_doors, portal_sewer_entry_b, st_stairs_8,
          chequers_avenue
D:4:      layout_rooms, kennysheep_mini_moat, mainiacjoe_overflow_cross_hatched,
          minmay_temple_entry_stoned_glass, gammafunk_ghost_nasty_kobolds,
          minmay_quantized, uniq_grinder
D:5:      layout_basic, mainiacjoe_overflow_alcove_4, chequers_hall_statues_y,
          uniq_crazy_yiuf_cottage
D:6:      nicolae_cairo_tiling_very_big, layout_basic, kiku_gazebo_pond_becter
Temple:   hellmonk_temple_of_storms

Skill      XL: |  1  2  3  4  5  6  7  8  9 |
---------------+----------------------------+-----
Stealth        | 3 |  3.5
Axes           | 4 5 |  5.0
Fighting       | 3 5 |  5.9
Hexes          | 1 3 4 |  4.0
Dodging        | 3 4 |  4.8
Spellcasting   | 3 4 |  4.5
Summonings     | 5 6 |  6.1
Air Magic      | 1 2 |  2.0
Shields        | |  0.2

Action                     |  1- 3 |  4- 6 |  7- 9 || total
---------------------------+-------+-------+-------++-------
  Melee: Unarmed           |     9 |       |       ||     9
         Constrict         |     8 |    16 |    13 ||    37
         Short sword       |     6 |       |       ||     6
         Dagger            |    12 |    18 |    13 ||    43
         Tentacles         |     2 |    12 |    13 ||    27
         Hand axe          |       |    52 |    63 ||   115
         Punch             |       |     1 |     2 ||     3
   Cast: Summon Small Mamm |    13 |    14 |    32 ||    59
         Call Imp          |     4 |     7 |    17 ||    28
         Call Canine Famil |     1 |     5 |    17 ||    23
         Summon Guardian G |       |       |    13 ||    13
    Use: Scroll            |       |     2 |    18 ||    20
         Potion            |       |       |     3 ||     3
   Stab: Sleeping          |     2 |     4 |    10 ||    16
 Armour: Skin              |     3 |     4 |     3 ||    10
  Dodge: Dodged            |    13 |    43 |    61 ||   117
